 Dungeon Crawl Stone Soup version 0.22-a0-271-gc000056 (webtiles) character file.

12949 kuniqs the Blocker (level 11, -5/103 HPs)
             Began as a Deep Dwarf Fighter on Mar 12, 2018.
             Was an Elder of Makhleb.
             Slain by an orc warrior
             ... wielding a +0 broad axe
              (22 damage)
             ... in a bailey.
             The game lasted 00:15:58 (8079 turns).

kuniqs the Blocker (Deep Dwarf Fighter)             Turns: 8079, Time: 00:15:59

Health: -5/103     AC: 14    Str: 27    XL:     11   Next: 69%
Magic:  11/11      EV: 12    Int:  8    God:    Makhleb [****..]
Gold:   248        SH: 16    Dex: 12    Spells: 10/10 levels left

rFire    . . .     SeeInvis .   j - +3 dagger (venom)
rCold    . . .     Gourm    .   c - +0 shield
rNeg     . . .     Faith    .   M - +0 chain mail
rPois    .         Spirit   .   (no helmet)
rElec    .         Reflect  +   (no cloak)
rCorr    .         Harm     .   o - +2 pair of gloves {archery}
MR       ++...                  (no boots)
Stlth    ..........             k - +4 amulet of reflection
HPRegen  0.00/turn              A - +3 ring of strength
MPRegen  0.12/turn              I - ring of protection from magic

@: non-regenerating
A: damage resistance, heal wounds, sense surroundings 2, no regeneration
a: Heal Wounds, Minor Destruction, Lesser Servant of Makhleb, Major Destruction,
Renounce Religion


You were in a bailey.
You worshipped Makhleb.
Makhleb was greatly pleased with you.
You were not hungry.

You visited 2 branches of the dungeon, and saw 11 of its levels.
You also visited: Ossuary and Bailey.

You collected 589 gold pieces.
You spent 341 gold pieces at shops.

Inventory:

Hand Weapons
 a - a +0 war axe
 j - a +3 dagger of venom (weapon)
 t - a +0 flail of holy wrath
 H - a +4 scimitar of flaming
Missiles
 b - a throwing net (quivered)
Armour
 c - a +0 shield (worn)
 o - a +2 pair of gloves of archery (worn)
 M - a +0 chain mail (worn)
Jewellery
 k - a +4 amulet of reflection (around neck)
 A - a +3 ring of strength (left hand)
 I - a ring of protection from magic (right hand)
Wands
 r - a wand of acid (6)
 x - a wand of random effects (27)
 F - a wand of paralysis (11)
 G - a wand of polymorph (11)
Scrolls
 e - 2 scrolls of enchant weapon
 g - 8 scrolls of remove curse {@r2}
 n - 2 scrolls of teleportation
 q - 3 scrolls of fog
 u - 2 scrolls of enchant armour {unknown}
 y - 2 scrolls of immolation {unknown}
 B - a scroll of blinking
 D - a scroll of silence {unknown}
 E - 3 scrolls of magic mapping {unknown}
Potions
 d - a potion of might
 h - a potion of berserk rage
 i - 4 potions of lignification
 p - 2 potions of haste
 s - 3 potions of flight
 v - 2 potions of heal wounds
 w - 5 potions of curing {@q1}
 z - 4 potions of resistance
 J - a potion of agility
 L - 2 potions of invisibility
Comestibles
 f - 31 rations


   Skills:
 + Level 8.1 Fighting
 + Level 9.3 Axes
 + Level 9.6 Armour
 + Level 8.9 Dodging
 + Level 9.6 Shields
 - Level 6.0 Invocations


You had 10 spell levels left.
You didn't know any spells.

Dungeon Overview and Level Annotations

Branches:
Dungeon (10/15)            Temple (1/1) D:4             Orc (0/2) D:10
   Lair: D:8-11

Altars:
Ashenzari
Cheibriados
Dithmenos
Elyvilon
Fedhas
Gozag
Hepliaklqana
Kikubaaqudgha
Makhleb
Nemelex Xobeh
Okawaru
Qazlal
Ru
Sif Muna
Trog
Uskayaw
Vehumet
Wu Jian
Xom
Yredelemnul
Zin
The Shining One
Lugonu

Shops:
D:5 ?   D:7 *

Portals:
Abyss: D:1

Annotations:
D:9 1 transporter


Innate Abilities, Weirdness & Mutations

You are resistant to damage.
You can heal yourself by infusing magical energy.
You passively map the area around you.
You do not regenerate.


Message History

The orc knight hits your ynoxinul with a war axe!
The orc warrior misses you.
Your ynoxinul gestures.
You hit the orc knight.
The orc knight is poisoned.
You block the orc knight's attack.
The orc knight hits your ynoxinul with a war axe.
You hear a blaring wail to the northwest.
Your ufetubus closely misses the orc knight.
Your ufetubus barely misses the orc knight.
The orc knight hits you with a war axe!
The orc knight hits your ynoxinul with a war axe!
Your ynoxinul dies!
Your ufetubus disappears in a puff of smoke! x3
The orc warrior hits you with a broad axe!
You hear a shout! x4
A demon appears!
You block the orc knight's attack.
The orc knight hits you with a war axe!!
* * * LOW HITPOINT WARNING * * *
The orc warrior hits you with a broad axe!!
You die...

▓▓▓▓▓
▓§∩4▓
▓§.§▓
▓o@o▓
##o##
*∩, ≈o≈
#≈o≈#**
K≈g≈.
##≈o≈##
+ *


K≈g≈K * *#≈g≈#** * , ≈ * You could see 2 orc knights, 3 orc warriors, a gnoll,
an orc, 2 hobgoblins, 3 kobolds and a friendly orange demon.

Vanquished Creatures
  Erica (D:9)
  2 two-headed ogres (D:9)
  A queen ant (D:9)
  A gargoyle (D:8)
  A queen bee (D:10)
  3 trolls
  11 yaks (D:9)
  Grum (D:8)
  2 wyverns
  A wraith (D:10)
  A hungry ghost (D:9)
  6 soldier ants (D:9)
  A warg (D:10)
  2 water moccasins
  An orc warrior (Bailey)
  3 sky beasts
  2 phantoms
  2 ice beasts
  A necrophage (D:8)
  6 ogres
  2 wolves (D:8)
  4 centaurs
  6 bullfrogs
  A water moccasin zombie (D:5)
  A wyvern skeleton (D:8)
  3 scorpions
  30 killer bees
  4 crimson imps
  The ghost of Karim the Ducker, a weakling SpBe of Trog (D:3)
  A quasit (D:6)
  A centaur zombie (D:6)
  A hound (D:6)
  8 orc priests
  3 jellies
  A human zombie (Ossuary)
  4 iguanas
  9 orc wizards
  36 worker ants
  A hound zombie (D:7)
  3 hound skeletons
  3 mummies (Ossuary)
  A worker ant zombie (D:9)
  8 gnolls
  7 adders
  An ooze (D:4)
  2 adder zombies (Ossuary)
  5 worms
  4 dart slugs
  8 leopard geckos
  24 orcs
  9 giant cockroaches
  6 goblins
  9 hobgoblins
  2 jackals (D:1)
  4 quokkas
  2 ball pythons
  5 bats
  8 frilled lizards
  A gnoll zombie (Ossuary)
  2 goblin zombies
  4 hobgoblin zombies (Ossuary)
  A jackal skeleton (D:6)
  5 kobolds
  2 kobold zombies (Ossuary)
  A leopard gecko zombie (D:5)
  A quokka skeleton (D:8)
  3 quokka zombies (Ossuary)
  5 rats
  4 rat zombies (Ossuary)
306 creatures vanquished.

Vanquished Creatures (others)
  A centaur (D:8)
  A kobold (Bailey)
2 creatures vanquished.

Grand Total: 308 creatures vanquished

Notes
Turn   | Place    | Note
-------+----------+-------------------------------------------
     0 | D:1      | kuniqs the Deep Dwarf Fighter began the quest for the Orb.
     0 | D:1      | Reached XP level 1. HP: 20/20 MP: 1/1
   295 | D:1      | Reached XP level 2. HP: 25/27 MP: 2/2
   748 | D:1      | Found a corrupted altar of Lugonu.
   748 | D:1      | Found a one-way gate to the infinite horrors of the Abyss.
   748 | D:1      | Noticed a demonic crawler
   759 | D:1      | Reached skill level 1 in Dodging
  1030 | D:2      | Found a snail-covered altar of Cheibriados.
  1044 | D:2      | Reached XP level 3. HP: 32/33 MP: 3/3
  1255 | D:2      | Reached XP level 4. HP: 36/42 MP: 4/4
  1869 | D:3      | Reached XP level 5. HP: 44/49 MP: 5/5
  1880 | D:3      | Noticed Karim's ghost (weakling SpBe)
  2256 | D:3      | Killed Karim's ghost
  2256 | D:3      | Reached XP level 6. HP: 39/57 MP: 5/5
  2433 | D:4      | Found a staircase to the Ecumenical Temple.
  2445 | Temple   | Entered the Ecumenical Temple
  2702 | D:4      | Found a hazy altar of Hepliaklqana.
  2883 | D:5      | Entered Level 5 of the Dungeon
  3015 | D:5      | Found Lampo's Magic Scroll Emporium.
  3025 | D:5      | Bought a scroll of teleportation for 36 gold pieces
  3025 | D:5      | Bought a scroll of blinking for 90 gold pieces
  3111 | D:5      | Reached XP level 7. HP: 46/64 MP: 6/6
  3134 | D:5      | Reached skill level 5 in Armour
  3134 | D:5      | Reached skill level 5 in Shields
  3397 | D:5      | Found a shadowy altar of Dithmenos.
  3740 | D:5      | Noticed a troll
  3760 | D:5      | Reached skill level 5 in Axes
  3760 | D:5      | Reached XP level 8. HP: 39/73 MP: 7/7
  3812 | D:5      | Killed a troll
  3812 | D:5      | Reached skill level 5 in Fighting
  4140 | D:6      | Reached skill level 5 in Dodging
  4324 | D:6      | Found a burning altar of Makhleb.
  4332 | D:6      | Became a worshipper of Makhleb the Destroyer
  4365 | D:6      | Found an opulent altar of Gozag.
  4386 | D:6      | Reached skill level 1 in Invocations
  4452 | D:6      | Found a deep blue altar of Sif Muna.
  4655 | D:7      | Found a white marble altar of Elyvilon.
  4707 | D:7      | Found Vompogre's General Store.
  4710 | D:7      | Bought a +2 pair of gloves of archery for 215 gold pieces
  4900 | D:7      | Gained mutation: You passively map the area around you. [Deep Dwarf growth]
  4900 | D:7      | Reached XP level 9. HP: 53/81 MP: 9/9
  5047 | D:6      | Found a hide-covered altar of Uskayaw.
  5047 | D:6      | Found a stormy altar of Qazlal.
  5047 | D:6      | Found a shattered altar of Ashenzari.
  5047 | D:6      | Found a sacrificial altar of Ru.
  5283 | D:8      | Noticed Grum
  5321 | D:8      | Killed Grum
  5445 | D:8      | Noticed a gargoyle
  5456 | D:8      | Killed a gargoyle
  5556 | D:8      | Reached * piety under Makhleb
  5609 | D:8      | Found a sand-covered staircase.
  5627 | Ossuary  | Entered an ossuary
  5898 | D:8      | Reached XP level 10. HP: 61/91 MP: 11/11
  5961 | D:8      | Found an ancient bone altar of Kikubaaqudgha.
  5996 | D:8      | Reached ** piety under Makhleb
  6378 | D:9      | Noticed a two-headed ogre
  6406 | D:9      | Reached skill level 5 in Invocations
  6408 | D:9      | Killed a two-headed ogre
  6702 | D:9      | Noticed Erica
  6725 | D:9      | Killed Erica
  6770 | D:9      | Noticed a two-headed ogre
  6778 | D:9      | Reached XP level 11. HP: 100/100 MP: 12/12
  6805 | D:9      | Killed a two-headed ogre
  7022 | D:9      | Found a transporter.
  7030 | D:9      | Found a corrupted altar of Lugonu.
  7239 | D:9      | Reached *** piety under Makhleb
  7313 | D:9      | Noticed a queen ant
  7334 | D:9      | Killed a queen ant
  7693 | D:10     | Entered Level 10 of the Dungeon
  7763 | D:10     | Found a glowing golden altar of the Shining One.
  7807 | D:10     | Found a staircase to the Orcish Mines.
  7885 | D:10     | Reached **** piety under Makhleb
  8028 | D:10     | Found a flagged portal.
  8034 | Bailey   | Entered a bailey
  8054 | Bailey   | Noticed an orc knight
  8058 | Bailey   | Noticed an orc knight
  8079 | Bailey   | Slain by an orc warrior

Vault maps used:
D:1:      erik_arrival_cave_to_civilisation
D:2:      kennysheep_slug_shrine, first_ration
D:4:      kennysheep_mini, minmay_temple_entry_butterflies
D:5:      lemuel_coloured_pillars_altar, serial_shops, shop, minmay_small_thing
D:6:      makhleb_heckhound_becter, grunt_gozag_statues,
          nicolae_overflow_hidden_temple
D:7:      elyvilon_altar_1, serial_shops, nicolae_shop_window_shopping
D:8:      nicolae_overflow_crystal_walls, enter_ossuary_3, grunt_ogre_cave,
          uniq_grum
D:9:      gammafunk_corrupted_shrine, zaba_antful_of_joy, uniq_erica
D:10:     david_orc_3, enter_bailey_2, tso_altar
Temple:   compressed_dpeg_circular_temple
Ossuary:  ossuary_minmay_chase
Bailey:   bailey_axe_1, bailey

Skill      XL: |  1  2  3  4  5  6  7  8  9 10 11 |
---------------+----------------------------------+-----
Dodging        | 1 2 3 4 5 6 7 8 |  8.9
Fighting       | 3 4 5 6 7 8 |  8.1
Axes           | 3 4 5 6 7 8 9 |  9.3
Armour         | 4 5 6 7 8 9 |  9.6
Shields        | 4 5 6 7 8 9 |  9.6
Invocations    | 1 4 6 |  6.0

Action                   |  1- 3 |  4- 6 |  7- 9 | 10-12 || total
-------------------------+-------+-------+-------+-------++-------
Melee: War axe           |    85 |       |     8 |     6 ||    99
       Dagger            |    51 |   215 |   381 |   338 ||   985
       Flail             |       |     7 |    82 |     5 ||    94
       Scimitar          |       |       |       |   240 ||   240
Throw: Throwing net      |       |       |       |     6 ||     6
Invok: Lesser Servant of |       |       |       |     4 ||     4
 Abil: Heal Wounds       |     1 |     5 |    10 |     9 ||    25
  Use: Scroll            |     1 |     7 |     3 |     5 ||    16
       Potion            |       |       |       |     1 ||     1
  Eat: Chunk             |     1 |     7 |     9 |     9 ||    26
Armor: Scale mail        |    61 |    90 |   125 |    22 ||   298
       Chain mail        |     4 |       |       |   150 ||   154
Dodge: Dodged            |    44 |   100 |   150 |   204 ||   498
Block: Shield            |    80 |   113 |   381 |   521 ||  1095
       Reflection        |       |       |     7 |     6 ||    13
       Rpst.: Scimitar   |       |       |       |    30 ||    30

Table legend:
 A = Spawn XP
 B = Non-spawn XP
 C = Spawn XP percentage of total XP
 D = Spawn monster count
 E = Non-spawn monster count
 F = Spawn count percentage of total count
 G = Total turns spent on level
                    A         B        C        D         E        F      G
               +---------+---------+-------+---------+---------+-------+---------
         Total |       0 |   18499 |   0.0 |       0 |     308 |   0.0 |  8079
               +---------+---------+-------+---------+---------+-------+---------
           D:1 |       0 |      33 |   0.0 |       0 |      19 |   0.0 |   973
           D:2 |       0 |     102 |   0.0 |       0 |      23 |   0.0 |   854
           D:3 |       0 |     282 |   0.0 |       0 |      34 |   0.0 |   545
           D:4 |       0 |     297 |   0.0 |       0 |      11 |   0.0 |   391
           D:5 |       0 |    1250 |   0.0 |       0 |      21 |   0.0 |  1239
           D:6 |       0 |     618 |   0.0 |       0 |      17 |   0.0 |   532
           D:7 |       0 |     558 |   0.0 |       0 |       8 |   0.0 |   590
           D:8 |       0 |    2853 |   0.0 |       0 |      39 |   0.0 |   998
           D:9 |       0 |    9699 |   0.0 |       0 |      78 |   0.0 |  1315
          D:10 |       0 |    2548 |   0.0 |       0 |      35 |   0.0 |   341
       Ossuary |       0 |     121 |   0.0 |       0 |      21 |   0.0 |   136
        Bailey |       0 |     138 |   0.0 |       0 |       2 |   0.0 |    45
               +---------+---------+-------+---------+---------+-------+---------
